 Dungeon Crawl Stone Soup version 0.19.0-19-g8c6edcc (webtiles) character file.

379 rocketpapaya the Sneak (level 6, -7/36 HPs)
             Began as an Octopode Enchanter on Nov 13, 2016.
             Mangled by a river rat (10 damage)
             ... summoned by Eustachio
             ... on level 4 of the Dungeon.
             The game lasted 00:09:12 (3967 turns).

rocketpapaya the Sneak (Octopode Enchanter)         Turns: 3967, Time: 00:09:13

Health: -7/36      AC:  1    Str:  7    XL:     6   Next: 74%
Magic:  1/10       EV: 13    Int: 24    God:
Gold:   189        SH:  0    Dex: 12    Spells: 4 memorised, 2 levels left

rFire  . . .     SeeInvis .     a - +2 dagger
rCold  . . .     Gourm    .     (no shield)
rNeg   . . .     Faith    .     (helmet restricted)
rPois  .         Spirit   .     p - amulet of inaccuracy (curse)
rElec  .         Reflect  .     j - +4 ring of intelligence
rCorr  .         Harm     .     (no ring)
MR     .....                    (no ring)
Stlth  ++++......               (no ring)
                                (no ring)
                                (no ring)
                                (no ring)
                                (no ring)

@: very slightly contaminated, hasted, very quick
A: almost no armour, stealthy swim, amphibious, 8 rings, constrict 8, camouflage
1, gelatinous body 1
a: no special abilities


You were on level 4 of the Dungeon.
You were very hungry.

You visited 1 branch of the dungeon, and saw 4 of its levels.

You collected 189 gold pieces.

Inventory:

Hand Weapons
 a - a +2 dagger (weapon)
Missiles
 l - 105 stones (quivered)
Jewellery
 j - a +4 ring of intelligence (left tentacle)
 p - a cursed amulet of inaccuracy (around mantle)
Scrolls
 g - a scroll of enchant weapon
 h - 2 scrolls of recharging
 i - a scroll of teleportation
Potions
 f - 4 potions of curing
 o - 2 potions of mutation {unknown}
 q - 2 potions of ambrosia {unknown}
 t - a potion of brilliance {unknown}
Books
 b - a book of Maledictions

   Spells                             Type                      Level
   a - Corona                         Hexes                        1
   b - Ensorcelled Hibernation        Hexes/Ice                    2
   c - Confuse                        Hexes                        3
   d - Tukima's Dance                 Hexes                        3
   e - Dazzling Spray                 Conjuration/Hexes            3
 n - Jessica's Collected Works on Enchantment
   (You found it on level 3 of the Dungeon)

   Spells                             Type                      Level
   a - Confusing Touch                Hexes                        1
   b - Corona                         Hexes                        1
Comestibles
 c - 4 bread rations
 d - 2 royal jellies
 m - 2 meat rations


   Skills:
 * Level 3.9 Short Blades
 - Level 2.0 Dodging
 + Level 5.9 Stealth
 + Level 3.1 Spellcasting
 * Level 4.3 Hexes
 - Level 1.1 Ice Magic


You had 2 spell levels left.
You knew the following spells:

 Your Spells              Type           Power        Failure   Level  Hunger
a - Corona                Hex            ###....      1%          1    None
b - Ensorcelled Hibernat  Hex/Ice        ###...       6%          2    ##.....
c - Confuse               Hex            ###.....     6%          3    ###....
d - Dazzling Spray        Conj/Hex       ##....       17%         3    ###....


Dungeon Overview and Level Annotations

Branches:
Dungeon (4/15)
 Temple: D:4-7

Altars:
Qazlal

Annotations:
D:3 SirKenneth's ghost, amateur MiBe
D:4 Eustachio


Innate Abilities, Weirdness & Mutations

You cannot wear most types of armour.
You are very stealthy in the water. (Stealth+)
You are amphibious.
You can wear up to eight rings at the same time.
You can use your tentacles to constrict eight enemies at once.
Your skin changes colour to match your surroundings (Stealth+).
Your rubbery body absorbs attacks. (AC +1, EV +1)


Message History

The river rat is dazzled.
The shadow imp disappears in a puff of smoke!
The ufetubus barely misses you. The ufetubus completely misses you.
The ufetubus closely misses you. The ufetubus hits you.
The river rat bites you.
Casting: Dazzling Spray
Confirm with . or Enter, or press ? or * to list all spells.
Aiming: Dazzling Spray
Press: ? - help, Shift-Dir - straight line, f/p - Eustachio
Aim: Eustachio, wielding a falchion and wearing a leather armour (almost dead)
You miscast Dazzling Spray.
You are very lightly contaminated with residual magic.
Sparks fly from your tentacles! The ufetubus hits you. x2
The river rat bites you. Eustachio closely misses you. The river rat bites you!
* * * LOW HITPOINT WARNING * * *
You feel yourself speed up. The ufetubus closely misses you.
The ufetubus hits you.
* * * LOW HITPOINT WARNING * * *
The river rat bites you!
You die...

#.#...### #.#.....#
.#####.#>..#.#
........####.#
##.###.......#####.
#...).........#
#..###.5#####>#
#..# #r@# #.###..#
#.@# #......# #r5#
#..###.# #.5#
###..###.###ยง<#
..............#
###..###.#.####
.........#.#
####.#####.# #.#


You could see Eustachio, a crimson imp, 2 river rats, a white imp and an
ufetubus.

Vanquished Creatures
  An ogre (D:4)
  2 orc priests (D:3)
  Jessica (D:3)
  Ijyb (D:2)
  An orc wizard (D:3)
  A hound skeleton (D:4)
  5 adders
  A worm (D:2)
  3 leopard geckos
  9 orcs (D:3)
  11 bats
  7 giant cockroaches
  13 goblins
  6 hobgoblins
  4 jackals (D:3)
  10 kobolds
  3 quokkas
  2 ball pythons (D:3)
  5 frilled lizards
  8 rats
94 creatures vanquished.

Notes
Turn   | Place    | Note
-------+----------+-------------------------------------------
     0 | D:1      | rocketpapaya the Octopode Enchanter began the quest for the Orb.
     0 | D:1      | Reached XP level 1. HP: 11/11 MP: 3/3
   285 | D:1      | Reached XP level 2. HP: 17/17 MP: 5/5
   289 | D:1      | Learned a level 2 spell: Ensorcelled Hibernation
  1089 | D:2      | Reached XP level 3. HP: 16/21 MP: 1/6
  1094 | D:2      | Learned a level 3 spell: Confuse
  1309 | D:2      | Noticed Ijyb
  1618 | D:2      | Reached skill level 1 in Ice Magic
  1649 | D:2      | Reached XP level 4. HP: 27/27 MP: 7/7
  1652 | D:2      | Found a stormy altar of Qazlal.
  1865 | D:2      | Killed Ijyb
  1865 | D:2      | Reached skill level 5 in Stealth
  2434 | D:2      | Reached XP level 5. HP: 28/31 MP: 8/8
  2760 | D:3      | Noticed Jessica
  2768 | D:3      | Killed Jessica
  2773 | D:3      | Identified Jessica's Collected Works on Enchantment
  2912 | D:3      | Reached XP level 6. HP: 36/36 MP: 10/10
  2932 | D:3      | Learned a level 3 spell: Dazzling Spray
  3015 | D:3      | Noticed a phantom
  3181 | D:3      | Noticed SirKenneth's ghost (amateur MiBe)
  3937 | D:4      | Noticed Eustachio
  3967 | D:4      | Mangled by a river rat

Skill      XL: |  1  2  3  4  5  6 |
---------------+-------------------+-----
Short Blades   | 2 3 |  3.9
Ice Magic      | 1 |  1.1
Stealth        | 5 |  5.9
Hexes          | 4 |  4.3
Spellcasting   | 3 |  3.1
Dodging        | |  2.0

Action                   |  1- 3 |  4- 6 || total
-------------------------+-------+-------++-------
Melee: Dagger            |    74 |   153 ||   227
       Constrict         |    13 |    25 ||    38
       Tentacles         |    10 |    16 ||    26
 Cast: Ensorcelled Hiber |     3 |     6 ||     9
       Confuse           |       |     1 ||     1
       Dazzling Spray    |       |     1 ||     1
  Use: Scroll            |     7 |     3 ||    10
       Potion            |     2 |     1 ||     3
 Stab: Sleeping          |    11 |    21 ||    32
       Distracted        |       |     1 ||     1
  Eat: Chunk             |     2 |     7 ||     9
Armor: Skin              |     4 |     8 ||    12
Dodge: Dodged            |    54 |    97 ||   151
